3A
IDAHO FALLS CHUKARS @ PROVO MANGO
06/04/2024
 
TOP OF THE 1ST
Idaho Falls Chukars batting - Pitching for Provo Mango : RHP Javier Mena
Pitching: RHP Javier Mena
Batting: LHB Roberto Soto 0-0: Called Strike
0-1: Called Strike
0-2: Strikes out swinging
Batting: RHB Fernando Granados 0-0: Ball
1-0: Foul Ball, location: 2F
1-1: Foul Ball, location: 2F
1-2: Ball
2-2: Strikes out swinging
Batting: SHB Pablo Coloa 0-0: Ball
1-0: Ground out U3 (Groundball, 3)
Top of the 1st over - 0 run(s), 0 hit(s), 0 error(s), 0 left on base; Idaho Falls 0 - Provo 0
BOTTOM OF THE 1ST
Provo Mango batting - Pitching for Idaho Falls Chukars : RHP Hartmann Riedman
Pitching: RHP Hartmann Riedman
Batting: SHB Pedro Vásquez 0-0: Called Strike
0-1: Called Strike
0-2: Ball
1-2: Ball
2-2: Fly out, F9 (Flyball, 89M)
Batting: RHB Jordan Hollins 0-0: SINGLE (Line Drive, 6MD)
Batting: RHB John Moss 0-0: Ball
1-0: Ground out 1-3 (Groundball, 56S)
Jordan Hollins to second
Batting: RHB Ronald Drumpf 0-0: Swinging Strike
0-1: SINGLE (Groundball, 6)
Jordan Hollins to third
Runner from 3rd tries for Home, throw and OUT!
Bottom of the 1st over - 0 run(s), 2 hit(s), 0 error(s), 1 left on base; Idaho Falls 0 - Provo 0
TOP OF THE 2ND
Idaho Falls Chukars batting - Pitching for Provo Mango : RHP Javier Mena
Batting: RHB Adrian Rodgers 0-0: Foul Ball, location: 2F
0-1: Swinging Strike
0-2: Ball
1-2: Ball
2-2: Foul Ball, location: 2F
2-2: Foul Ball, location: 2F
2-2: Foul Ball, location: 2F
2-2: Ball
3-2: Strikes out looking
Batting: RHB Michael Bradshaw 0-0: Foul Ball, location: 2F
0-1: Reached on error, E5 (Groundball, 5S)
Batting: RHB Scott Ramsey 0-0: Called Strike
Throwing error on steal attempt, E2
Michael Bradshaw scores
0-1: Foul Ball, location: 2F
0-2: Foul Ball, location: 2F
0-2: Strikes out swinging
Batting: RHB Vicente Cruz 0-0: Ball
1-0: Ball
2-0: Swinging Strike
2-1: Ball
3-1: Base on Balls
Batting: SHB Félix Medina 0-0: Ball
1-0: Ball
2-0: Called Strike
2-1: Ground out 3-1 (Groundball, 34S)
Top of the 2nd over - 1 run(s), 0 hit(s), 2 error(s), 1 left on base; Idaho Falls 1 - Provo 0
BOTTOM OF THE 2ND
Provo Mango batting - Pitching for Idaho Falls Chukars : RHP Hartmann Riedman
Batting: RHB Frank Grimes 0-0: Hit by Pitch
Batting: SHB Salvador Salinas 0-0: Fly out, F3 (Popup, 3D)
Batting: RHB Juan Morales 0-0: Ball
Pickoff Throw to First - Error! E1
Frank Grimes to second
1-0: SINGLE (Groundball, 15) (infield hit)
Frank Grimes to third
Batting: RHB Carlos Evangelho 0-0: Called Strike
0-1: Ball
1-1: Called Strike
1-2: Fly out, F7 (Line Drive, 7M)
Runner from 3rd tags up, SCORES, no throw
Batting: RHB Lionel McCloud 0-0: Fly out, F8 (Flyball, 8RM)
Bottom of the 2nd over - 1 run(s), 1 hit(s), 1 error(s), 1 left on base; Idaho Falls 1 - Provo 1
TOP OF THE 3RD
Idaho Falls Chukars batting - Pitching for Provo Mango : RHP Javier Mena
Batting: RHB Christian Gentry 0-0: Swinging Strike
0-1: Ball
1-1: Foul Ball, location: 2F
1-2: Strikes out looking
Batting: LHB Roberto Soto 0-0: Ball
1-0: Ground out 4-3 (Groundball, 4)
Batting: RHB Fernando Granados 0-0: Called Strike
0-1: Swinging Strike
0-2: Ball
1-2: Ball
2-2: Ball
3-2: Strikes out swinging
Top of the 3rd over - 0 run(s), 0 hit(s), 0 error(s), 0 left on base; Idaho Falls 1 - Provo 1
BOTTOM OF THE 3RD
Provo Mango batting - Pitching for Idaho Falls Chukars : RHP Hartmann Riedman
Batting: SHB Pedro Vásquez 0-0: Fly out, F6 (Popup, 8LS)
Batting: RHB Jordan Hollins 0-0: Foul Ball, location: 2F
0-1: Swinging Strike
0-2: Fly out, F9 (Flyball, 9LMF)
Batting: RHB John Moss 0-0: Ball
1-0: Ball
2-0: SINGLE (Groundball, 6M)
Batting: RHB Ronald Drumpf 0-0: Foul Ball, location: 2F
0-1: Called Strike
0-2: Strikes out swinging
Bottom of the 3rd over - 0 run(s), 1 hit(s), 0 error(s), 1 left on base; Idaho Falls 1 - Provo 1
TOP OF THE 4TH
Idaho Falls Chukars batting - Pitching for Provo Mango : RHP Javier Mena
Batting: SHB Pablo Coloa 0-0: Fly out, F8 (Flyball, 8LD)
Batting: RHB Adrian Rodgers 0-0: Ball
1-0: Foul Ball, location: 2F
1-1: Swinging Strike
1-2: Ball
2-2: DOUBLE (Groundball, 5L)
Batting: RHB Michael Bradshaw 0-0: Foul Ball, location: 2F
0-1: Ball
1-1: Ball
2-1: Swinging Strike
2-2: Strikes out swinging
Batting: RHB Scott Ramsey 0-0: Ball
1-0: Ball
2-0: Ball
3-0: Called Strike
3-1: Called Strike
3-2: Base on Balls
Batting: RHB Vicente Cruz 0-0: Called Strike
0-1: Swinging Strike
0-2: Strikes out swinging
Top of the 4th over - 0 run(s), 1 hit(s), 0 error(s), 2 left on base; Idaho Falls 1 - Provo 1
BOTTOM OF THE 4TH
Provo Mango batting - Pitching for Idaho Falls Chukars : RHP Hartmann Riedman
Batting: RHB Frank Grimes 0-0: Called Strike
0-1: Foul Ball, location: 2F
0-2: Ground out 2-3 (Groundball, 23)
Batting: SHB Salvador Salinas 0-0: Ground out 6-3 (Groundball, 6MS)
Batting: RHB Juan Morales 0-0: Ball
1-0: Ball
2-0: Called Strike
2-1: Ball
3-1: Swinging Strike
3-2: Base on Balls
Batting: RHB Carlos Evangelho 0-0: Ball
1-0: Ball
2-0: Called Strike
2-1: Fly out, F8 (Flyball, 8RM)
Bottom of the 4th over - 0 run(s), 0 hit(s), 0 error(s), 1 left on base; Idaho Falls 1 - Provo 1
TOP OF THE 5TH
Idaho Falls Chukars batting - Pitching for Provo Mango : RHP Javier Mena
Batting: SHB Félix Medina 0-0: Called Strike
0-1: Ball
1-1: Ball
2-1: SINGLE (Groundball, 3D)
Batting: RHB Christian Gentry 0-0: Sac Bunt - play at first, batter OUT! 5-4
Félix Medina to second
Batting: LHB Roberto Soto 0-0: Intentional Walk
Batting: RHB Fernando Granados 0-0: Ball
1-0: Called Strike
1-1: Foul Ball, location: 2F
1-2: Foul Ball, location: 2F
1-2: Foul Ball, location: 2F
1-2: Ball
2-2: Ball
3-2: Strikes out looking
Batting: SHB Pablo Coloa 0-0: Ball
1-0: Called Strike
1-1: Called Strike
1-2: Ball
2-2: Foul Ball, location: 2F
2-2: Ball
3-2: Ground out 4-3 (Groundball, 4)
Top of the 5th over - 0 run(s), 1 hit(s), 0 error(s), 2 left on base; Idaho Falls 1 - Provo 1
BOTTOM OF THE 5TH
Provo Mango batting - Pitching for Idaho Falls Chukars : RHP Hartmann Riedman
Batting: RHB Lionel McCloud 0-0: Ball
1-0: Ball
2-0: Foul Ball, location: 2F
2-1: Ball
3-1: Called Strike
3-2: Foul Ball, location: 2F
3-2: Base on Balls
Batting: SHB Pedro Vásquez 0-0: Ball
1-0: Bunted foul
1-1: Bunted foul
1-2: Ball
2-2: Fly out, F7 (Flyball, 7M)
Batting: RHB Jordan Hollins 0-0: Ball
Lionel McCloud is caught stealing 2nd base
1-0: Called Strike
1-1: Foul Ball, location: 2F
1-2: Foul Ball, location: 2F
1-2: Strikes out swinging
Bottom of the 5th over - 0 run(s), 0 hit(s), 0 error(s), 0 left on base; Idaho Falls 1 - Provo 1
TOP OF THE 6TH
Idaho Falls Chukars batting - Pitching for Provo Mango : RHP Javier Mena
Batting: RHB Adrian Rodgers 0-0: Foul Ball, location: 2F
0-1: Ground out 5-3 (Groundball, 5L)
Batting: RHB Michael Bradshaw 0-0: Foul Ball, location: 2F
0-1: Ball
1-1: Fly out, F9 (Flyball, 9M)
Batting: RHB Scott Ramsey 0-0: Ball
1-0: Fly out, F3 (Popup, 34D)
Top of the 6th over - 0 run(s), 0 hit(s), 0 error(s), 0 left on base; Idaho Falls 1 - Provo 1
BOTTOM OF THE 6TH
Provo Mango batting - Pitching for Idaho Falls Chukars : RHP Hartmann Riedman
Batting: RHB John Moss 0-0: Ball
1-0: Ball
2-0: Foul Ball, location: 2F
2-1: Foul Ball, location: 2F
2-2: Ball
3-2: Fly out, F9 (Flyball, 9M)
Batting: RHB Ronald Drumpf 0-0: Foul Ball, location: 2F
0-1: Foul Ball, location: 2F
0-2: Ball
1-2: Ball
2-2: Ball
3-2: Fly out, F8 (Flyball, 8RM)
Batting: RHB Frank Grimes 0-0: Foul Ball, location: 2F
0-1: Ball
1-1: Ball
2-1: Foul Ball, location: 2F
2-2: Strikes out looking
Bottom of the 6th over - 0 run(s), 0 hit(s), 0 error(s), 0 left on base; Idaho Falls 1 - Provo 1
TOP OF THE 7TH
Idaho Falls Chukars batting - Pitching for Provo Mango : RHP Javier Mena
Pinch Hitting: LHB Armando Peña 0-0: Called Strike
0-1: Ground out U3 (Groundball, 3S)
Pinch Hitting: LHB Orlando Casillas 0-0: DOUBLE (Flyball, 89M)
Pinch Hitting: RHB Rubén Hernández 0-0: Called Strike
Orlando Casillas steals 3rd base
0-1: Ball
1-1: Ground out 1-3 (Groundball, 25)
Batting: LHB Roberto Soto 0-0: Intentional Walk
Pitching: RHP Salvador Torres
Pinch Hitting: RHB Tan Bal 0-0: Called Strike
0-1: Ball
1-1: Swinging Strike
1-2: Ball
Roberto Soto is caught stealing 2nd base
Top of the 7th over - 0 run(s), 1 hit(s), 0 error(s), 0 left on base; Idaho Falls 1 - Provo 1
BOTTOM OF THE 7TH
Provo Mango batting - Pitching for Idaho Falls Chukars : RHP Hartmann Riedman
Now at 3B: Armando Peña
Now at SS: Orlando Casillas
Now in CF: Miguel Luna
Now in RF: Frank Sharp
Pinch Hitting: RHB Luis Trevino 0-0: SINGLE (Line Drive, 6MD)
Batting: RHB Juan Morales 0-0: Sac Bunt - play at first, batter OUT! 1-4
Luis Trevino to second
Batting: RHB Carlos Evangelho 0-0: Ground out 5-3 (Groundball, 56)
Pinch Hitting: RHB Ramón Hernández 0-0: SINGLE (Flyball, 8LS)
Luis Trevino to third
Runner from 3rd tries for Home, SAFE, no throw or cutoff
Pinch Runner at 1st Felipe Córdova:
Batting: SHB Pedro Vásquez 0-0: Ball
1-0: Ball
2-0: Called Strike
2-1: Ball
3-1: Swinging Strike
3-2: DOUBLE (Line Drive, 3L)
Felipe Córdova to third
Felipe Córdova scores
Batting: RHB Jordan Hollins 0-0: Called Strike
0-1: DOUBLE (Flyball, 7LM)
Pedro Vásquez scores
Batting: RHB John Moss 0-0: Intentional Walk
Pitching: RHP Shotaro Sugahara
Batting: RHB Ronald Drumpf 0-0: Ball
1-0: Ball
2-0: Called Strike
2-1: SINGLE (Line Drive, 4MD)
Jordan Hollins to third
John Moss to second
Runner from 3rd tries for Home, SAFE, no throw or cutoff
Batting: RHB Frank Grimes 0-0: Ball
1-0: Fly out, F9 (Flyball, 9LM)
Bottom of the 7th over - 4 run(s), 5 hit(s), 0 error(s), 2 left on base; Idaho Falls 1 - Provo 5
TOP OF THE 8TH
Idaho Falls Chukars batting - Pitching for Provo Mango : RHP Salvador Torres
Now at SS: Luis Trevino
Now in LF: Felipe Córdova
Batting: RHB Miguel Luna 0-0: Ball
1-0: Called Strike
1-1: Ball
2-1: Foul Ball, location: 2F
2-2: Ball
3-2: Foul Ball, location: 2F
3-2: Foul Ball, location: 2F
3-2: Strikes out looking
Batting: SHB Pablo Coloa 0-0: Foul Ball, location: 2F
0-1: Ground out 4-3 (Groundball, 34)
Batting: RHB Adrian Rodgers 0-0: Swinging Strike
0-1: Ball
1-1: Ground out 5-3 (Groundball, 56)
Top of the 8th over - 0 run(s), 0 hit(s), 0 error(s), 0 left on base; Idaho Falls 1 - Provo 5
BOTTOM OF THE 8TH
Provo Mango batting - Pitching for Idaho Falls Chukars : RHP Shotaro Sugahara
Batting: RHB Luis Trevino 0-0: Foul Ball, location: 2F
0-1: SINGLE (Groundball, 56D)
Batting: RHB Juan Morales 0-0: Sac Bunt - play at first, batter OUT! 2-3
Luis Trevino to second
Batting: RHB Carlos Evangelho 0-0: Intentional Walk
Batting: RHB Felipe Córdova 0-0: Ball
1-0: SINGLE (Line Drive, 6D)
Luis Trevino to third
Carlos Evangelho to second
Runner from 3rd tries for Home, SAFE, throw made at trailing runner, SAFE at third!
Batting: SHB Pedro Vásquez 0-0: Ball
1-0: Foul Ball, location: 2F
1-1: Swinging Strike
1-2: Foul Ball, location: 2F
1-2: SINGLE (Line Drive, 78S)
Carlos Evangelho scores
Felipe Córdova to second
Batting: RHB Jordan Hollins 0-0: SINGLE (Line Drive, 34)
Felipe Córdova to third
Pedro Vásquez to second
Runner from 3rd tries for Home, SAFE, no throw or cutoff
Batting: RHB John Moss 0-0: Called Strike
0-1: Ball
1-1: Ball
2-1: Ball
3-1: SINGLE (Line Drive, 4M)
Pedro Vásquez to third
Jordan Hollins to second
Batting: RHB Ronald Drumpf 0-0: Ball
1-0: Foul Ball, location: 2F
1-1: Foul Ball, location: 2F
1-2: Fly out, F9 (Line Drive, 89D)
Runner from 3rd tags up, SCORES, no throw
Pitching: LHP An Jang-Yop
Batting: RHB Frank Grimes 0-0: Called Strike
0-1: Called Strike
0-2: Foul Ball, location: 2F
0-2: Ball
1-2: Strikes out looking
Bottom of the 8th over - 4 run(s), 5 hit(s), 0 error(s), 2 left on base; Idaho Falls 1 - Provo 9
TOP OF THE 9TH
Idaho Falls Chukars batting - Pitching for Provo Mango : RHP Salvador Torres
Now at 2B: António Marquis
Batting: RHB Michael Bradshaw 0-0: Swinging Strike
0-1: Foul Ball, location: 2F
0-2: Hit by Pitch
Batting: RHB Scott Ramsey 0-0: Ball
1-0: Ball
2-0: Swinging Strike
2-1: Foul Ball, location: 2F
2-2: Strikes out looking
Batting: LHB Armando Peña 0-0: Foul Ball, location: 2F
0-1: Ball
1-1: Ball
2-1: TRIPLE (Line Drive, 89D)
Michael Bradshaw scores
Batting: LHB Orlando Casillas 0-0: Ball
1-0: Ball
2-0: Called Strike
2-1: Called Strike
2-2: Ball
3-2: Foul Ball, location: 2F
3-2: Strikes out swinging
Batting: LHB Frank Sharp 0-0: Called Strike
0-1: Ball
1-1: Ball
2-1: Called Strike
2-2: Ball
3-2: Foul Ball, location: 2F
3-2: Strikes out swinging
Top of the 9th over - 1 run(s), 1 hit(s), 0 error(s), 1 left on base; Idaho Falls 2 - Provo 9
This league is powered by Out of the Park Baseball, the baseball management simulation game for PC, Mac and Linux
Monday, October 3rd, 2016 - OOTP Baseball 16.9 Build 39